HSSL
JEFFERSONVILLE-YOUNGSVILLE CENTRAL HS TROJANS @ EVANS HS KNIGHTS
05/02/2028
 
TOP OF THE 1ST
Jeffersonville-Youngsville Central HS Trojans batting - Pitching for Evans HS Knights : RHP Arnold Padilla
Pitching: RHP Arnold Padilla
Batting: RHB José Rocha 0-0: Ground out 6-3 (Groundball, 6)
Batting: RHB Ben Bradley 0-0: SINGLE (Groundball, 56S) (infield hit)
Batting: LHB Tony Chávez 0-0: Ball
1-0: Ball
2-0: Grounds into double play, 4-6-3 (Groundball, 4)
Top of the 1st over - 0 run(s), 1 hit(s), 0 error(s), 0 left on base; Jeffersonville-Youngsville Central HS 0 - Evans HS 0
BOTTOM OF THE 1ST
Evans HS Knights batting - Pitching for Jeffersonville-Youngsville Central HS Trojans : RHP Luis Pagán
Pitching: RHP Luis Pagán
Batting: RHB Gerald Hayes 0-0: Swinging Strike
0-1: Ball
1-1: Ball
2-1: Ball
3-1: Called Strike
3-2: Base on Balls
Batting: RHB Dominic Veillette 0-0: Swinging Strike
0-1: Foul Ball, location: 2F
0-2: Foul Ball, location: 2F
0-2: Ball
1-2: Ball
2-2: Strikes out swinging
Batting: RHB James Bennett 0-0: Called Strike
0-1: Swinging Strike
0-2: Strikes out looking
Batting: RHB Deron Rolen 0-0: Foul Ball, location: 2F
0-1: Ball
1-1: Foul Ball, location: 2F
1-2: Strikes out swinging
Bottom of the 1st over - 0 run(s), 0 hit(s), 0 error(s), 1 left on base; Jeffersonville-Youngsville Central HS 0 - Evans HS 0
TOP OF THE 2ND
Jeffersonville-Youngsville Central HS Trojans batting - Pitching for Evans HS Knights : RHP Arnold Padilla
Batting: RHB Glenn Brooks 0-0: Ball
1-0: Ball
2-0: SINGLE (Flyball, 8RS)
Batting: LHB Ben Webb 0-0: Called Strike
0-1: Ball
1-1: Foul Ball, location: 2F
1-2: Ball
2-2: Ball
3-2: Fly out, F9 (Line Drive, 9)
Batting: LHB Steve Parker 0-0: Called Strike
0-1: Ball
1-1: Fly out, F7 (Flyball, 7)
Batting: LHB Tomás Mata 0-0: Foul Ball, location: 2F
0-1: Ball
1-1: SINGLE (Line Drive, 78M)
Glenn Brooks to second
Batting: RHB Duane Bradley 0-0: Ball
1-0: SINGLE (Line Drive, 56)
Glenn Brooks to third
Tomás Mata to second
Runner from 3rd tries for Home, SAFE, throw made home
Tomás Mata to third
Duane Bradley to second
Batting: RHB Mike McGee 0-0: Called Strike
0-1: Ball
1-1: Ball
2-1: Called Strike
2-2: Ball
3-2: Strikes out looking
Top of the 2nd over - 1 run(s), 3 hit(s), 0 error(s), 2 left on base; Jeffersonville-Youngsville Central HS 1 - Evans HS 0
BOTTOM OF THE 2ND
Evans HS Knights batting - Pitching for Jeffersonville-Youngsville Central HS Trojans : RHP Luis Pagán
Batting: RHB Scott Wells 0-0: Ground out 6-3 (Groundball, 56)
Batting: RHB Rafael Martínez 0-0: Called Strike
0-1: Swinging Strike
0-2: Strikes out swinging
Batting: LHB Billy Raymond 0-0: Called Strike
0-1: Foul Ball, location: 2F
0-2: Foul Ball, location: 2F
0-2: Ball
1-2: Foul Ball, location: 2F
1-2: Ball
2-2: SINGLE (Flyball, 7S)
Batting: LHB Andre Montgomery 0-0: Ball
1-0: Foul Ball, location: 2F
1-1: 2-RUN HOME RUN (Flyball, 78XD), Distance : 419 ft
Batting: LHB Julián Icaza 0-0: Bunted foul
0-1: Called Strike
0-2: Fly out, F7 (Flyball, 7LM)
Bottom of the 2nd over - 2 run(s), 2 hit(s), 0 error(s), 0 left on base; Jeffersonville-Youngsville Central HS 1 - Evans HS 2
TOP OF THE 3RD
Jeffersonville-Youngsville Central HS Trojans batting - Pitching for Evans HS Knights : RHP Arnold Padilla
Batting: RHB José Rocha 0-0: Ball
1-0: Ball
2-0: Ball
3-0: Base on Balls
Batting: RHB Ben Bradley 0-0: Ball
José Rocha steals 2nd base
1-0: Swinging Strike
1-1: Ball
2-1: Foul Ball, location: 2F
2-2: Ball
3-2: Ground out 6-3 (Groundball, 6)
Batting: LHB Tony Chávez 0-0: Ball
1-0: Called Strike
1-1: Foul Ball, location: 2F
1-2: Ball
2-2: Ball
3-2: SINGLE (Line Drive, 8LS)
José Rocha to third
Batting: RHB Glenn Brooks 0-0: Ball
1-0: Ball
2-0: Ball
3-0: Base on Balls
Tony Chávez to second
Batting: LHB Ben Webb 0-0: Ball
1-0: Swinging Strike
1-1: Foul Ball, location: 2F
1-2: Ground out 3-1 (Groundball, 3S)
José Rocha scores
Tony Chávez to third
Glenn Brooks to second
Batting: LHB Steve Parker 0-0: Ball
1-0: Ball
2-0: Ball
3-0: Base on Balls
Batting: LHB Tomás Mata 0-0: Fielders Choice at 2nd, 4-6 (Groundball, 4)
Top of the 3rd over - 1 run(s), 1 hit(s), 0 error(s), 2 left on base; Jeffersonville-Youngsville Central HS 2 - Evans HS 2
BOTTOM OF THE 3RD
Evans HS Knights batting - Pitching for Jeffersonville-Youngsville Central HS Trojans : RHP Luis Pagán
Batting: RHB Gerald Hayes 0-0: Foul Ball, location: 2F
0-1: Foul Ball, location: 2F
0-2: Ball
1-2: Ball
2-2: Strikes out swinging
Batting: RHB Dominic Veillette 0-0: Ball
1-0: Foul Ball, location: 2F
1-1: SINGLE (Line Drive, 6D)
Batting: RHB James Bennett 0-0: Ball
1-0: DOUBLE (Flyball, 89D)
Dominic Veillette to third
Runner from 3rd tries for Home, SAFE, no throw
Batting: RHB Deron Rolen 0-0: Ball
1-0: Foul Ball, location: 2F
1-1: SINGLE (Line Drive, 78S)
James Bennett to third
Batting: RHB Scott Wells 0-0: Swinging Strike
0-1: Foul Ball, location: 2F
0-2: Foul Ball, location: 2F
0-2: Strikes out swinging
Batting: RHB Rafael Martínez 0-0: Ball
1-0: Ball
2-0: Ball
3-0: Called Strike
3-1: Called Strike
3-2: Foul Ball, location: 2F
3-2: Ground out 6-3 (Groundball, 6)
Bottom of the 3rd over - 1 run(s), 3 hit(s), 0 error(s), 2 left on base; Jeffersonville-Youngsville Central HS 2 - Evans HS 3
TOP OF THE 4TH
Jeffersonville-Youngsville Central HS Trojans batting - Pitching for Evans HS Knights : RHP Arnold Padilla
Batting: RHB Duane Bradley 0-0: Called Strike
0-1: Ball
1-1: Ground out 4-3 (Groundball, 4)
Batting: RHB Mike McGee 0-0: Ball
1-0: Swinging Strike
1-1: Ball
2-1: Ball
3-1: Base on Balls
Batting: RHB José Rocha 0-0: Foul Ball, location: 2F
0-1: Ball
1-1: Foul Ball, location: 2F
1-2: Ball
2-2: Strikes out swinging
Batting: RHB Ben Bradley 0-0: Called Strike
0-1: Called Strike
0-2: Strikes out looking
Top of the 4th over - 0 run(s), 0 hit(s), 0 error(s), 1 left on base; Jeffersonville-Youngsville Central HS 2 - Evans HS 3
BOTTOM OF THE 4TH
Evans HS Knights batting - Pitching for Jeffersonville-Youngsville Central HS Trojans : RHP Luis Pagán
Batting: LHB Billy Raymond 0-0: Swinging Strike
0-1: Fly out, F9 (Flyball, 89M)
Batting: LHB Andre Montgomery 0-0: Ball
1-0: Called Strike
1-1: Reached on error, E4 (Groundball, 4)
Batting: LHB Julián Icaza 0-0: Ball
1-0: Swinging Strike
1-1: Swinging Strike
1-2: Foul Ball, location: 2F
1-2: Strikes out looking
Batting: RHB Gerald Hayes 0-0: Ball
1-0: SINGLE (Groundball, 34) (infield hit)
Andre Montgomery to third
Pitching: RHP Marvin Weaver
Batting: RHB Dominic Veillette 0-0: Ball
1-0: Ball
2-0: Foul Ball, location: 2F
2-1: Ball
3-1: Base on Balls
Gerald Hayes to second
Batting: RHB James Bennett 0-0: Ball
1-0: Ball
2-0: Called Strike
2-1: SINGLE (Flyball, 8LS)
Andre Montgomery scores
Gerald Hayes to third
Dominic Veillette to second
Runner from 3rd tries for Home, SAFE, no throw
Batting: RHB Deron Rolen 0-0: Fly out, F7 (Flyball, 7)
Bottom of the 4th over - 2 run(s), 2 hit(s), 1 error(s), 2 left on base; Jeffersonville-Youngsville Central HS 2 - Evans HS 5
TOP OF THE 5TH
Jeffersonville-Youngsville Central HS Trojans batting - Pitching for Evans HS Knights : RHP Arnold Padilla
Batting: LHB Tony Chávez 0-0: Ball
1-0: Ball
2-0: SINGLE (Groundball, 34D)
Batting: RHB Glenn Brooks 0-0: Called Strike
0-1: Ball
1-1: Ball
2-1: Fly out, F5 (Popup, 5D)
Pitching: RHP Mark Houcke
Batting: LHB Ben Webb 0-0: Ball
1-0: Called Strike
1-1: Foul Ball, location: 2F
1-2: Ball
2-2: Ball
3-2: Fly out, F9 (Flyball, 9S)
Batting: LHB Steve Parker 0-0: Ball
1-0: Foul Ball, location: 2F
1-1: Ball
2-1: Foul Ball, location: 2F
2-2: Strikes out swinging
Top of the 5th over - 0 run(s), 1 hit(s), 0 error(s), 1 left on base; Jeffersonville-Youngsville Central HS 2 - Evans HS 5
BOTTOM OF THE 5TH
Evans HS Knights batting - Pitching for Jeffersonville-Youngsville Central HS Trojans : RHP Marvin Weaver
Batting: RHB Scott Wells 0-0: Ball
1-0: Foul Ball, location: 2F
1-1: Fly out, F8 (Flyball, 8RM)
Batting: RHB Rafael Martínez 0-0: DOUBLE (Flyball, 89D)
Batting: LHB Billy Raymond 0-0: SINGLE (Groundball, 56D)
Rafael Martínez to third
Runner from 3rd tries for Home, SAFE, throw made home
Billy Raymond to second
Batting: LHB Andre Montgomery 0-0: Ball
1-0: Called Strike
1-1: Fly out, F7 (Flyball, 7S)
Batting: LHB Julián Icaza 0-0: Called Strike
0-1: Foul Ball, location: 2F
0-2: Ball
1-2: Ball
2-2: Foul Ball, location: 2F
2-2: Foul Ball, location: 2F
2-2: Foul Ball, location: 2F
2-2: Ball
3-2: Fly out, F9 (Flyball, 89M)
Bottom of the 5th over - 1 run(s), 2 hit(s), 0 error(s), 1 left on base; Jeffersonville-Youngsville Central HS 2 - Evans HS 6
TOP OF THE 6TH
Jeffersonville-Youngsville Central HS Trojans batting - Pitching for Evans HS Knights : RHP Mark Houcke
Batting: LHB Tomás Mata 0-0: Foul Ball, location: 2F
0-1: Ball
1-1: Swinging Strike
1-2: Ball
2-2: Foul Ball, location: 2F
2-2: Foul Ball, location: 2F
2-2: SINGLE (Groundball, 34D)
Batting: RHB Duane Bradley 0-0: Grounds into double play, 6-4-3 (Groundball, 6)
Batting: RHB Mike McGee 0-0: Ball
1-0: Ball
2-0: Ball
3-0: Base on Balls
Batting: RHB José Rocha 0-0: Ball
1-0: Fly out, F8 (Flyball, 8RM)
Top of the 6th over - 0 run(s), 1 hit(s), 0 error(s), 1 left on base; Jeffersonville-Youngsville Central HS 2 - Evans HS 6
BOTTOM OF THE 6TH
Evans HS Knights batting - Pitching for Jeffersonville-Youngsville Central HS Trojans : RHP Marvin Weaver
Pitching: RHP Vince Hawk
Batting: RHB Gerald Hayes 0-0: Ground out 5-3 (Groundball, 5)
Batting: RHB Dominic Veillette 0-0: Called Strike
0-1: Foul Ball, location: 2F
0-2: Fly out, F8 (Flyball, 8RM)
Batting: RHB James Bennett 0-0: Called Strike
0-1: Foul Ball, location: 2F
0-2: Ball
1-2: Strikes out swinging
Bottom of the 6th over - 0 run(s), 0 hit(s), 0 error(s), 0 left on base; Jeffersonville-Youngsville Central HS 2 - Evans HS 6
TOP OF THE 7TH
Jeffersonville-Youngsville Central HS Trojans batting - Pitching for Evans HS Knights : RHP Mark Houcke
Batting: RHB Ben Bradley 0-0: Reached on error, E6 (Groundball, 6)
Batting: LHB Tony Chávez 0-0: Ball
1-0: SINGLE (Groundball, 4) (infield hit)
Ben Bradley to second
Batting: RHB Glenn Brooks 0-0: Ball
1-0: Foul Ball, location: 2F
1-1: Called Strike
1-2: Ball
2-2: Ball
3-2: Base on Balls
Ben Bradley to third
Tony Chávez to second
Batting: LHB Ben Webb 0-0: Called Strike
0-1: Foul Ball, location: 2F
0-2: Ball
1-2: Ball
2-2: Ball
3-2: Base on Balls
Ben Bradley scores
Tony Chávez to third
Glenn Brooks to second
Batting: LHB Steve Parker 0-0: Ball
1-0: Ball
2-0: Ball
3-0: Called Strike
3-1: Foul Ball, location: 2F
3-2: Base on Balls
Tony Chávez scores
Glenn Brooks to third
Ben Webb to second
Batting: LHB Tomás Mata 0-0: Ball
1-0: Foul Ball, location: 2F
1-1: Foul Ball, location: 2F
1-2: Ball
2-2: Foul Ball, location: 2F
2-2: DOUBLE (Flyball, 78M)
Glenn Brooks scores
Ben Webb scores
Steve Parker to third
Pitching: RHP Joe Smith
Pinch Hitting: RHB Steve Mitchell 0-0: Intentional Walk
Batting: RHB Mike McGee 0-0: Swinging Strike
0-1: Ball
1-1: Called Strike
1-2: Ball
2-2: Ball
3-2: Grounds into fielders choice 4-2 (Groundball, 4M)
Tomás Mata to third
Steve Mitchell to second
Batting: RHB José Rocha 0-0: Ball
1-0: Ball
2-0: Ball
3-0: Base on Balls
Tomás Mata scores
Steve Mitchell to third
Mike McGee to second
Batting: RHB Ben Bradley 0-0: Grounds into fielders choice 4-2 (Groundball, 4)
Mike McGee to third
José Rocha to second
Batting: LHB Tony Chávez 0-0: Called Strike
0-1: Ball
1-1: GRAND SLAM HOME RUN (Flyball, 9D), Distance : 384 ft
Batting: RHB Glenn Brooks 0-0: Called Strike
0-1: Ball
1-1: Swinging Strike
1-2: Ball
2-2: Strikes out swinging
Top of the 7th over - 9 run(s), 3 hit(s), 1 error(s), 0 left on base; Jeffersonville-Youngsville Central HS 11 - Evans HS 6
BOTTOM OF THE 7TH
Evans HS Knights batting - Pitching for Jeffersonville-Youngsville Central HS Trojans : RHP Vince Hawk
Now at SS: Mike Weeks
Batting: RHB Deron Rolen 0-0: Ground out 6-3 (Groundball, 6D)
Batting: RHB Scott Wells 0-0: SINGLE (Line Drive, 34D)
Batting: RHB Rafael Martínez 0-0: Ball
1-0: Ball
2-0: 2-RUN HOME RUN (Flyball, 8LXD), Distance : 439 ft
Pitching: RHP Claudio López
Batting: LHB Billy Raymond 0-0: Ball
1-0: SINGLE (Groundball, 34S) (infield hit)
Batting: LHB Andre Montgomery 0-0: Ball
1-0: Ball
2-0: Called Strike
2-1: SINGLE (Flyball, 89S)
Billy Raymond to second
Runner from 2nd tries for 3rd, SAFE, no throw
Batting: LHB Julián Icaza 0-0: Ball
1-0: Called Strike
Andre Montgomery is caught stealing 2nd base
1-1: Called Strike
1-2: SINGLE (Line Drive, 6M)
Billy Raymond scores
Batting: RHB Gerald Hayes 0-0: Ball
Julián Icaza steals 2nd base
1-0: Ball
2-0: Called Strike
2-1: DOUBLE (Flyball, 8LD)
Julián Icaza scores
Pitching: RHP Russ Hammond
Batting: RHB Dominic Veillette 0-0: Swinging Strike
0-1: Swinging Strike
0-2: Ball
Wild Pitch!
Gerald Hayes to third
1-2: Ball
2-2: SINGLE (Groundball, 6D)
Gerald Hayes scores
Batting: RHB James Bennett 0-0: Ball
1-0: Swinging Strike
1-1: Foul Ball, location: 2F
Pickoff Throw to First - Out!
Bottom of the 7th over - 5 run(s), 7 hit(s), 0 error(s), 0 left on base; Jeffersonville-Youngsville Central HS 11 - Evans HS 11
TOP OF THE 8TH
Jeffersonville-Youngsville Central HS Trojans batting - Pitching for Evans HS Knights : RHP Joe Smith
Pitching: RHP Max LeBlanc
Batting: LHB Ben Webb 0-0: Foul Ball, location: 2F
0-1: Foul Ball, location: 2F
0-2: Ground out 5-3 (Groundball, 56)
Batting: LHB Steve Parker 0-0: Foul Ball, location: 2F
0-1: Swinging Strike
0-2: Strikes out swinging
Batting: LHB Tomás Mata 0-0: Ball
1-0: Ball
2-0: Called Strike
2-1: DOUBLE (Flyball, 9D)
Batting: RHB Mike Weeks 0-0: Ball
1-0: Called Strike
1-1: Ground out 5-3 (Groundball, 56)
Top of the 8th over - 0 run(s), 1 hit(s), 0 error(s), 1 left on base; Jeffersonville-Youngsville Central HS 11 - Evans HS 11
BOTTOM OF THE 8TH
Evans HS Knights batting - Pitching for Jeffersonville-Youngsville Central HS Trojans : RHP Russ Hammond
Batting: RHB James Bennett 0-0: Ball
1-0: Ground out 4-3 (Groundball, 4)
Batting: RHB Deron Rolen 0-0: Called Strike
0-1: Ball
1-1: Ball
2-1: Foul Ball, location: 2F
2-2: Ground out 5-3 (Groundball, 56)
Batting: RHB Scott Wells 0-0: Called Strike
0-1: Ball
1-1: Ball
2-1: Ball
3-1: Foul Ball, location: 2F
3-2: Base on Balls
Batting: RHB Rafael Martínez 0-0: Called Strike
0-1: 2-RUN HOME RUN (Line Drive, 78XD), Distance : 431 ft
Pitching: RHP Victor Justice
Batting: LHB Billy Raymond 0-0: Ball
1-0: Called Strike
1-1: Ball
2-1: Called Strike
2-2: SINGLE (Groundball, 34D)
Batting: LHB Andre Montgomery 0-0: Ball
1-0: Called Strike
1-1: Swinging Strike
1-2: Strikes out swinging
Bottom of the 8th over - 2 run(s), 2 hit(s), 0 error(s), 1 left on base; Jeffersonville-Youngsville Central HS 11 - Evans HS 13
TOP OF THE 9TH
Jeffersonville-Youngsville Central HS Trojans batting - Pitching for Evans HS Knights : RHP Max LeBlanc
Pitching: RHP Ken Gardner
Batting: RHB Mike McGee 0-0: Ball
1-0: Ball
2-0: Foul Ball, location: 2F
2-1: DOUBLE (Line Drive, 7LS)
Batting: RHB José Rocha 0-0: Foul Ball, location: 2F
0-1: Ball
1-1: Swinging Strike
1-2: Ball
2-2: Ball
3-2: Foul Ball, location: 2F
3-2: Foul Ball, location: 2F
3-2: Strikes out swinging
Batting: RHB Ben Bradley 0-0: Ball
1-0: Ball
2-0: Swinging Strike
2-1: Ground out 1-3 (Groundball, 13)
Mike McGee to third
Batting: LHB Tony Chávez 0-0: Ball
1-0: Ball
2-0: Ball
3-0: Called Strike
3-1: Base on Balls
Batting: RHB Glenn Brooks 0-0: Called Strike
0-1: Ball
1-1: DOUBLE (Flyball, 78XD)
Mike McGee scores
Tony Chávez to third
Runner from 3rd tries for Home, throw and OUT!
Top of the 9th over - 1 run(s), 2 hit(s), 0 error(s), 1 left on base; Jeffersonville-Youngsville Central HS 12 - Evans HS 13
Tuesday, August 8th, 2017 - OOTP Baseball 17.12 Build 75